[Event "*** SCC Grand Prix: Titled Tuesday Blitz"]
[Site "Chess.com"]
[Date "2020.08.11"]
[Round "4"]
[White "swimmerchess"]
[Black "FMJoseHerrera"]
[Result "1-0"]
[WhiteElo "2834"]
[BlackElo "2519"]
[TimeControl "180+1"]
[EndTime "10:39:04 PDT"]
[Termination "swimmerchess won on time"]

1. e4 c5 2. Nf3 e6 3. d4 cxd4 4. Nxd4 a6 5. Nc3 Qc7 6. Bd3 b6 7. O-O Bb7 8. Qe2 d6 9. Bd2 Nd7 10. Kh1 Ngf6 11. Rae1 h5 12. h3 Be7 13. a4 g6 14. b4 h4 15. b5 a5 16. Nc6 Ne5 17. Nxe7 Qxe7 18. Be3 Qc7 19. Bd4 Rc8 20. f4 Nh5 21. Qf2 Ng3+ 22. Kh2 O-O 23. fxe5 dxe5 24. Bxb6 Qxc3 25. Rg1 f5 26. Qe3 Bxe4 27. Qh6 Rf6 28. Qxh4 Nh5 29. Bxe4 fxe4 30. Rxe4 Qxc2 31. Rg4 Rc3 32.
Qxh5 Rc4 33. Rxc4 Qxc4 34. Qxe5 Rf5 35. Qe3 Qxa4 36. Rc1 Qxb5 37. Rc8+ Kh7 38. Rc7+ Kg8 39. Qxe6+ 1-0

[Event "*** SCC Grand Prix: Titled Tuesday Blitz"]
[Site "Chess.com"]
[Date "2020.08.11"]
[Round "4"]
[White "crossingthestreet"]
[Black "PavelShkapenko"]
[Result "0-1"]
[WhiteElo "2400"]
[BlackElo "2654"]
[TimeControl "180+1"]
[EndTime "10:39:04 PDT"]
[Termination "PavelShkapenko won on time"]

1. c4 Nf6 2. Nc3 e6 3. Nf3 b6 4. e4 Bb7 5. Bd3 d6 6. O-O c5 7. Bc2 Be7 8. d4 cxd4 9. Nxd4 O-O 10. f4 Nc6 11. Be3 Rc8 12. Bd3 Nb4 13. a3 Nxd3 14. Qxd3 a6 15. Rac1 Nd7 16. b4 Re8 17. Nb3 Bf8 18. Rfd1 Qh4 19. Nd2 Nf6 20. g3 Qh3 21. Bxb6 d5 22. cxd5 exd5 23. e5 d4 24. Nce4 Nd5 25. Rxc8 Rxc8 26. Qxd4 Nxf4 27. gxf4 Qg4+ 28. Kf2 Qxd1 29. Bc5 Bxe4 30. Bxf8 Rxf8 0-1

[Event "*** SCC Grand Prix: Titled Tuesday Blitz"]
[Site "Chess.com"]
[Date "2020.08.11"]
[Round "4"]
[White "gmmoranda"]
[Black "Arseniy_Nesterov"]
[Result "1-0"]
[WhiteElo "2912"]
[BlackElo "2749"]
[TimeControl "180+1"]
[EndTime "10:39:05 PDT"]
[Termination "gmmoranda won by resignation"]

1. d4 d5 2. c4 c6 3. Nc3 Nf6 4. e3 e6 5. Nf3 Nbd7 6. Qc2 Bd6 7. Bd3 O-O 8. O-O dxc4 9. Bxc4 b5 10. Be2 Bb7 11.
e4 e5 12. Rd1 Qe7 13. g3 a6 14.
a3 exd4 15. Nxd4 g6 16. Bf3 c5 17. Nde2 Ne5 18. Bg2 b4 19. Nd5 Nxd5 20. exd5 a5 21. h3 c4 22. Nd4 Rfc8 23. axb4 axb4 24. Rxa8 Bxa8 25. Bf4 Qd7 26. Nc6 Nd3 27. Bxd6 Qxd6 28. Qxc4 Bxc6 29. Qxd3 Ba4 30. Re1 Qf6 31. d6 Rd8 32.
Qa6 Bc2 33. Qb6 Rxd6 34. Qxb4 Kg7 35. Qc5 Bf5 36. b4 h5 37. b5 Bd7 38. h4 Rb6 39. Rb1 Rb8 40. b6 Bf5 41. Rb4 Qa1+ 42.
Kh2 Qa3 43. Qe5+ Kh7 44. Qxb8 Qxb4 45. Qc7 Kg7 46. b7 1-0

[Event "*** SCC Grand Prix: Titled Tuesday Blitz"]
[Site "Chess.com"]
[Date "2020.08.11"]
[Round "4"]
[White "Tashik"]
[Black "nocnypako"]
[Result "1-0"]
[WhiteElo "2384"]
[BlackElo "2571"]
[TimeControl "180+1"]
[EndTime "10:39:05 PDT"]
[Termination "Tashik won by resignation"]

1. c4 Nf6 2. Nc3 d5 3. cxd5 Nxd5 4. Nf3 g6 5. e4 Nxc3 6. bxc3 Bg7 7. h4 Bg4 8. Rb1 b6 9. Qa4+ Bd7 10. Qb3 O-O 11. h5 Bc6 12. hxg6 hxg6 13. Ng5 Nd7 14. d4 e5 15. Ne6 Qf6 16. Nxf8 Rxf8 17. d5 Nc5 18.
Qc4 Bb7 19. Qe2 c6 20. Ba3 Bc8 21. Bxc5 bxc5 22. Qf3 Qd6 23. Bc4 cxd5 24. Bxd5 Qa6 25. Rb8 c4 26. Qe2 Qa5 27. Qxc4 Qa3 28. O-O Qd6 29.
Rxc8 1-0

[Event "*** SCC Grand Prix: Titled Tuesday Blitz"]
[Site "Chess.com"]
[Date "2020.08.11"]
[Round "4"]
[White "Firouzja2003"]
[Black "GMHess"]
[Result "1-0"]
[WhiteElo "3041"]
[BlackElo "2819"]
[TimeControl "180+1"]
[EndTime "10:39:06 PDT"]
[Termination "Firouzja2003 won by resignation"]

1. e4 e5 2. Nf3 Nc6 3. Bb5 Nf6 4.
d3 Ne7 5. d4 c6 6. dxe5 Nxe4 7.
Bd3 Nc5 8. O-O Nxd3 9. Qxd3 Ng6 10. Nc3 d5 11. exd6 Bxd6 12. Re1+ Be7 13. Qxd8+ Kxd8 14. Bg5 Be6 15. Rad1+ Ke8 16. Ne4 Rd8 17. Rxd8+ Kxd8 18. Nc5 b6 19. Nxe6+ fxe6 20. Rxe6 Kd7 21. Re2 Rf8 22.
Bxe7 Nxe7 23. Ne5+ Kd6 24. g3 b5 25. f4 Rf5 26. c4 g5 27. Rd2+ Kc5 28. g4 Rxf4 29. Nd3+ Kxc4 30. Nxf4 gxf4 31. Kf2 Nd5 32. Kf3 c5 33. g5 a5 34. b3+ 1-0

[Event "*** SCC Grand Prix: Titled Tuesday Blitz"]
[Site "Chess.com"]
[Date "2020.08.11"]
[Round "4"]
[White "Ranindu2003"]
[Black "Aleksey_Sorokin"]
[Result "0-1"]
[WhiteElo "2614"]
[BlackElo "2803"]
[TimeControl "180+1"]
[EndTime "10:39:07 PDT"]
[Termination "Aleksey_Sorokin won by checkmate"]

1. e4 e5 2. Nf3 Nc6 3. Bb5 a6 4.
Ba4 Nf6 5. O-O Bc5 6. c3 b5 7. Bb3 d6 8. a4 Bg4 9. h3 Bxf3 10. Qxf3 Na5 11. Bc2 b4 12. d3 O-O 13. Bd2 Rb8 14. Bg5 h6 15. Bxf6 Qxf6 16. Qxf6 gxf6 17. Nd2 bxc3 18. bxc3 Rb2 19. Rfc1 Rfb8 20. Rab1 Kg7 21. Nb3 Rxc2 22. Rxc2 Rxb3 23. Rxb3 Nxb3 24. Rb2 Na5 25. Rb8 Nc6 26. Rc8 Bb6 27. Ra8 a5 28. Kf1 f5 29.
exf5 Ne7 30. g4 Nd5 31. c4 Nf4 32. h4 Nxd3 33. f3 Nc5 34. g5 hxg5 35. hxg5 Nxa4 36. Kg2 Nb2 37. Kh3 Nxc4 38. Kh4 Ne3 39. f6+ Kg6 40. Rg8+ Kf5 41. Rf8 Ng2+ 42. Kh5 Be3 43. Rxf7 Bxg5 44.
Rg7 Nf4# 0-1

[Event "*** SCC Grand Prix: Titled Tuesday Blitz"]
[Site "Chess.com"]
[Date "2020.08.11"]
[Round "4"]
[White "Gabrielian_Artur"]
[Black "Bodnar_Mykola"]
[Result "0-1"]
[WhiteElo "2779"]
[BlackElo "2527"]
[TimeControl "180+1"]
[EndTime "10:39:07 PDT"]
[Termination "Bodnar_Mykola won by resignation"]

1. e4 e5 2. Nc3 Nf6 3. g3 Nc6 4. Bg2 Bc5 5. Nge2 a6 6. O-O O-O 7. d3 Nd4 8. h3 b5 9. Nxd4 Bxd4 10. Kh2 Bb7 11. f4 exf4 12. Bxf4 d5 13. e5 Ne8 14. Qd2 f6 15. e6 g5 16. Be3 Be5 17. d4 Bd6 18. Rae1 Ng7 19. Bg1 c6 20. Qe2 Qc7 21. Qf3 Rae8 22. Bf2 Bc8 23. Nd1 Bxe6 24. Ne3 Bd7 25. Ng4 f5 26. Nh6+ Kh8 27. Rxe8 Bxe8 28. Re1 Bh5 29. Qd3 f4 30. Kh1 fxg3 31. Bg1 Rf6 32. Qe3 Rxh6 33. Qxg5 Rg6 34. Qf5 Nxf5 0-1

[Event "*** SCC Grand Prix: Titled Tuesday Blitz"]
[Site "Chess.com"]
[Date "2020.08.11"]
[Round "4"]
[White "Iris77"]
[Black "MasterSonnevanck23"]
[Result "0-1"]
[WhiteElo "2046"]
[BlackElo "2362"]
[TimeControl "180+1"]
[EndTime "10:39:08 PDT"]
[Termination "MasterSonnevanck23 won by checkmate"]

1. d4 Nf6 2. Bf4 c5 3. d5 d6 4. Nc3 e5 5. Bg5 h6 6. Bh4 g5 7.
Bg3 e4 8. e3 a6 9. a4 Bg7 10.
h4 Qe7 11. Be2 Nbd7 12. hxg5 hxg5 13. Rxh8+ Bxh8 14. Nh3 g4 15. Nf4 Ne5 16. Bh4 Bf5 17. Qd2 O-O-O 18. O-O-O Qc7 19. Kb1 Qa5 20. Rh1 Qb4 21.
Ka1 Bg7 22. Nh5 Nxh5 23. Bxd8 Nf6 24. Bxf6 Bxf6 25. Rh5 Bg6 26. Rh1 Kb8 27. Ka2 Nd7 28. Qe1 Nb6 29. Qb1 Nxa4 30. Nxa4 Qxa4# 0-1

[Event "*** SCC Grand Prix: Titled Tuesday Blitz"]
[Site "Chess.com"]
[Date "2020.08.11"]
[Round "4"]
[White "Love_craft"]
[Black "Tekushka"]
[Result "0-1"]
[WhiteElo "2573"]
[BlackElo "2343"]
[TimeControl "180+1"]
[EndTime "10:39:09 PDT"]
[Termination "Tekushka won by resignation"]

1. Nf3 d5 2. g3 Nd7 3. Bg2 e5 4. O-O Ngf6 5. d3 Bd6 6. Nbd2 O-O 7. e4 c6 8. Qe2 Re8 9. b3 Nf8 10. Bb2 Ng6 11. h3 a5 12. a4 h6 13. Rad1 Qc7 14.
Rfe1 Bd7 15. Kh2 Rad8 16. Nf1 dxe4 17. dxe4 Bc8 18. N3d2 Bc5 19. Nc4 b5 20. axb5 cxb5 21. Nce3 Qb6 22. Kg1 Bb7 23. Nd5 Nxd5 24. exd5 e4 25.
c4 bxc4 26. bxc4 Ba6 27. Ne3 Bxe3 28. fxe3 Qb4 29. Rd4 Ne5 30. Rxe4 Nxc4 31. Bd4 Rxe4 32. Bxe4 Nd6 33. Qf1 0-1

[Event "*** SCC Grand Prix: Titled Tuesday Blitz"]
[Site "Chess.com"]
[Date "2020.08.11"]
[Round "4"]
[White "profofchess"]
[Black "annamaja"]
[Result "0-1"]
[WhiteElo "2418"]
[BlackElo "2252"]
[TimeControl "180+1"]
[EndTime "10:39:09 PDT"]
[Termination "annamaja won on time"]

1. e4 e6 2. d4 d5 3. Nc3 Nf6 4. Bg5 dxe4 5. Nxe4 Nbd7 6. Nf3 Be7 7. Nxf6+ Bxf6 8.
h4 b6 9. Bb5 O-O 10. Bc6 Rb8 11. Qd3 Bb7 12. Bxd7 Qxd7 13. Bxf6 gxf6 14. O-O-O Rbd8 15. Rh3 Kh8 16. Rdh1 Rg8 17. Ng5 Rg6 18. R1h2 fxg5 19.
hxg5 Kg8 20. Rxh7 Kf8 21. c3 c5 22. Qe3 cxd4 0-1

[Event "*** SCC Grand Prix: Titled Tuesday Blitz"]
[Site "Chess.com"]
[Date "2020.08.11"]
[Round "4"]
[White "GAusal"]
[Black "Warre"]
[Result "0-1"]
[WhiteElo "2155"]
[BlackElo "2579"]
[TimeControl "180+1"]
[EndTime "10:39:10 PDT"]
[Termination "Warre won by checkmate"]

1. d4 Nf6 2. Nf3 d5 3. Bf4 c5 4. e3 Nc6 5. c3 Qb6 6. Qb3 c4 7. Qxb6 axb6 8. Nbd2 Bf5 9. Nh4 Bd7 10. Nhf3 h6 11. Be2 Bf5 12. O-O e6 13. Ne5 b5 14. Nxc6 bxc6 15. b3 Ba3 16. bxc4 bxc4 17. Bxc4 dxc4 18. Nxc4 Bd3 19. Nb6 Ra6 20. Rfd1 Be2 21.
Rd2 Rxb6 22. Rxe2 Kd7 23. c4 Ra8 24. Rd2 Rb7 25. Rd3 Bd6 26. Bxd6 Kxd6 27. h3 Rb2 28. a3 Ra4 29. c5+ Kd5 30. Rc1 Ra8 31.
f3 e5 32. e4+ Ke6 33. dxe5 Kxe5 34. Rd6 Rxa3 35. Rxc6 Raa2 36. Rc7 Rxg2+ 37. Kh1 Rh2+ 38. Kg1 Rag2+ 39. Kf1 Rd2 40. Kg1 Nh5 41. Rxf7 Rdg2+ 42. Kf1 Ng3+ 43. Ke1 Re2+ 44. Kd1 Rd2+ 45. Ke1 Rhe2# 0-1

[Event "*** SCC Grand Prix: Titled Tuesday Blitz"]
[Site "Chess.com"]
[Date "2020.08.11"]
[Round "4"]
[White "viniciusrego"]
[Black "Babas"]
[Result "0-1"]
[WhiteElo "2253"]
[BlackElo "2453"]
[TimeControl "180+1"]
[EndTime "10:39:10 PDT"]
[Termination "Babas won on time"]

1. d4 Nf6 2. c4 c5 3. d5 e6 4. Nc3 exd5 5. cxd5 d6 6. Nf3 g6 7. Bf4 Bg7 8. Qa4+ Bd7 9. Qb3 b5 10. Nxb5 Qa5+ 11. Nc3 c4 12. Qxc4 Nxd5 13. Bd2 Nxc3 14. Bxc3 Bxc3+ 15. Qxc3 Qxc3+ 16. bxc3 Na6 17. e3 Nc5 18.
Nd4 Ke7 19. Bc4 Rab8 20. Nb3 Rhc8 21. O-O Ne4 22. Ba6 Rc6 23. Bd3 Nxc3 24. Nd4 Rc5 25. Rfc1 Rb2 26. Nb3 Rc8 27. Kf1 Nxa2 28. Rxc8 Bxc8 29.
Nd4 a6 30. Nc6+ Kd7 31. Nd4 Nb4 32. Bc4 d5 33. Be2 Kd6 34. f3 f5 35. Ra4 Kc5 36.
Ra1 Kb6 37. Rc1 Bd7 38. f4 a5 39. Nf3 a4 40. Ne5 Bb5 41. Bxb5 Kxb5 42. Nd7 a3 43.
Rc5+ Ka4 44. Rc8 a2 45. Ra8+ Kb3 46. Nc5+ Kc2 0-1

[Event "*** SCC Grand Prix: Titled Tuesday Blitz"]
[Site "Chess.com"]
[Date "2020.08.11"]
[Round "4"]
[White "sertalzin"]
[Black "BikingBrian"]
[Result "1/2-1/2"]
[WhiteElo "1837"]
[BlackElo "2186"]
[TimeControl "180+1"]
[EndTime "10:39:10 PDT"]
[Termination "Game drawn by repetition"]

1. d4 Nf6 2. c4 g6 3. Nc3 Bg7 4. e4 d6 5. f4 O-O 6. Nf3 c5 7. d5 e6 8. Be2 exd5 9. cxd5 Bg4 10.
O-O a6 11. h3 Bxf3 12. Bxf3 Nbd7 13. g4 b5 14. g5 Ne8 15. h4 f5 16. exf5 Bd4+ 17. Kg2 Rxf5 18. Bg4 Rf8 19. Ne2 Bg7 20. Rh1 h5 21. Be6+ Kh7 22. Ng3 Nc7 23. Nxh5 Nxe6 24. dxe6 Nb6 25. Nxg7 Kxg7 26. h5 Qe7 27. Qg4 Qb7+ 28.
Kg1 Qe4 29. hxg6 Qe1+ 30. Kg2 Qe4+ 31. Kg1 Qe1+ 32. Kg2 Qe4+ 33. Kg1 1/2-1/2

[Event "*** SCC Grand Prix: Titled Tuesday Blitz"]
[Site "Chess.com"]
[Date "2020.08.11"]
[Round "4"]
[White "ChronicUnhappiness"]
[Black "Politov_Pavel"]
[Result "0-1"]
[WhiteElo "2350"]
[BlackElo "2083"]
[TimeControl "180+1"]
[EndTime "10:39:11 PDT"]
[Termination "Politov_Pavel won by resignation"]

1. d4 Nf6 2. c4 e6 3. Nf3 d5 4.
Nc3 Nbd7 5. cxd5 exd5 6. Bg5 Bb4 7. e3 c5 8. Bd3 Qa5 9. O-O c4 10. Bf5 O-O 11. Qc2 Re8 12. Bxd7 Nxd7 13. a3 Bxc3 14. Qxc3 Qxc3 15. bxc3 Nb6 16. a4 Bd7 17. a5 Na4 18.
Rfc1 f6 19. Bf4 b5 20. Nd2 a6 21. Bd6 Nb2 22. Bb4 Nd3 23. Rcb1 Bf5 24. Nf3 Be4 25. Ne1 Nxb4 26. Rxb4 g5 27. f3 Bg6 28. Kf2 Re6 29. g3 Rae8 30. Ng2 h5 31. Rb2 Bd3 32. Re1 Kg7 33. h4 Kg6 34. f4 Be4 35. hxg5 fxg5 36.
fxg5 Bxg2 37. Kxg2 Rxe3 38. Rxe3 Rxe3 39. Rc2 Kxg5 40. Kf2 Rd3 41. Re2 Kg4 42. Re6 Rxc3 43. Rxa6 b4 44. Rb6 b3 45. a6 Rc2+ 46. Ke3 Ra2 47. Rxb3 cxb3 48. a7 b2 0-1

[Event "*** SCC Grand Prix: Titled Tuesday Blitz"]
[Site "Chess.com"]
[Date "2020.08.11"]
[Round "4"]
[White "PavlovDanila"]
[Black "sergiochess83"]
[Result "0-1"]
[WhiteElo "2669"]
[BlackElo "2830"]
[TimeControl "180+1"]
[EndTime "10:39:12 PDT"]
[Termination "sergiochess83 won by resignation"]

1. e4 c6 2. Nf3 d5 3. Nc3 Bg4 4. h3 Bxf3 5. Qxf3 Nf6 6. d3 e6 7.
g4 Bb4 8. Bd2 O-O 9. g5 Nfd7 10.
h4 d4 11. Nb1 c5 12. a3 Bxd2+ 13. Nxd2 Nc6 14. Qg3 b5 15. f4 Rc8 16. Be2 Qe7 17.
O-O f5 18. Rae1 Qd6 19. Bf3 Nb6 20. Rf2 Ne7 21. Rfe2 c4 22. Qh2 Ng6 23. exf5 exf5 24. h5 Nxf4 25. Re7 cxd3 26. cxd3 Rc2 27. h6 gxh6 28. gxh6 Kh8 29. Rg7 Nc8 30. Kh1 Rxd2 31. Qh4 Rxd3 32. Bb7 Rh3+ 33. Qxh3 Nxh3 0-1

[Event "*** SCC Grand Prix: Titled Tuesday Blitz"]
[Site "Chess.com"]
[Date "2020.08.11"]
[Round "4"]
[White "Parhamov"]
[Black "GelmanAlexander"]
[Result "1/2-1/2"]
[WhiteElo "3059"]
[BlackElo "2578"]
[TimeControl "180+1"]
[EndTime "10:39:12 PDT"]
[Termination "Game drawn by repetition"]

1. e4 c5 2. c3 e6 3. Nf3 Nc6 4. Bb5 d5 5. d3 Nf6 6. Nbd2 Be7 7. O-O Qc7 8. Re1 a6 9. Ba4 b5 10. Bc2 Bb7 11. a4 b4 12. exd5 Nxd5 13. Ne4 Rd8 14. c4 Nf6 15. Qe2 O-O 16. b3 Nxe4 17. dxe4 e5 18.
Bb2 f6 19. Rad1 Rxd1 20. Rxd1 Rd8 21. h4 Rxd1+ 22. Qxd1 Nd4 23. Bxd4 exd4 24. g3 Bd6 25. Kh2 Qe7 26. Nd2 f5 27. Qf3 Qxh4+ 28. Kg1 Qg5 29. Qxf5 Qxf5 30. exf5 Kf7 31. Ne4 Bxe4 32. Bxe4 a5 33. f4 g6 34. Kg2 Kf6 35. fxg6 hxg6 36.
Kf3 g5 37. f5 Be5 38. Bd3 Bc7 39.
Bc2 Ke5 40. Bb1 Kf6 41. Bd3 Ke5 42. Kg4 Kf6 43. Bf1 Bd6 44. Be2 Bc7 45. Bf3 Bd6 46. Be4 Bc7 47. Kf3 Bd6 48. Bb1 Bb8 49. Bc2 Bc7 50.
g4 Ke5 51. Bd3 Bd8 52. Bc2 Bf6 53. Bd3 Bd8 54. Bb1 Bf6 55. Bc2 Bd8 56. Bd3 Bf6 57.
Be4 Bd8 58. Bb1 Bf6 59. Bc2 Bd8 60. Bd3 Bf6 61. Be4 Bd8 62. Bd3 1/2-1/2

[Event "*** SCC Grand Prix: Titled Tuesday Blitz"]
[Site "Chess.com"]
[Date "2020.08.11"]
[Round "4"]
[White "Legendinunknown"]
[Black "MNyuyu"]
[Result "1-0"]
[WhiteElo "2578"]
[BlackElo "2326"]
[TimeControl "180+1"]
[EndTime "10:39:12 PDT"]
[Termination "Legendinunknown won on time"]

1. d4 d5 2. c4 e6 3. Nc3 Be7 4. Nf3 Nf6 5. Bf4 O-O 6. e3 Nbd7 7. c5 c6 8. h3 b6 9. b4 a5 10. a3 Ba6 11. Bxa6 Rxa6 12. b5 cxb5 13. c6 b4 14. Nb5 bxa3 15. O-O Ne4 16. Qa4 e5 17. Bh2 Ndf6 18. Nxe5 Bb4 19. Rac1 Qe7 20. c7 Raa8 21. Nc6 Qd7 22. Nb8 Qc8 23. Rc6 Nd2 24.
Rfc1 Nc4 25. Bd6 Bxd6 26. Rxd6 Rxb8 27. cxb8=Q Qxb8 28. Rc6 Ne4 29. Nxa3 Ned6 30. Nxc4 Nxc4 31. Qb5 Qd8 32. e4 Nd6 33. Qxd5 Nb7 34. Qxd8 Rxd8 35.
Rxb6 Nd6 36. Rxd6 1-0

[Event "*** SCC Grand Prix: Titled Tuesday Blitz"]
[Site "Chess.com"]
[Date "2020.08.11"]
[Round "4"]
[White "Matveev_Vladimir"]
[Black "Ladislav1969"]
[Result "1-0"]
[WhiteElo "2644"]
[BlackElo "2336"]
[TimeControl "180+1"]
[EndTime "10:39:14 PDT"]
[Termination "Matveev_Vladimir won on time"]

1. d4 Nf6 2. c4 g6 3. Nc3 d5 4. cxd5 Nxd5 5. e4 Nxc3 6. bxc3 c5 7.
Bg5 cxd4 8. cxd4 Qa5+ 9. Qd2 Qxd2+ 10. Kxd2 Bg7 11. Rc1 Bd7 12. Nf3 Nc6 13. d5 Nd4 14.
Bd3 Nxf3+ 15. gxf3 Be5 16. Be3 b6 17. f4 Bd6 18. e5 Bb4+ 19. Ke2 Rc8 20. Rxc8+ Bxc8 21.
Rc1 Kd8 22. h4 h6 23. f3 f6 24. Bxg6 Rg8 25. h5 f5 26. Kf2 Bb7 27. Bxf5 Ba3 28. Rd1 Rf8 29. Be4 1-0

[Event "*** SCC Grand Prix: Titled Tuesday Blitz"]
[Site "Chess.com"]
[Date "2020.08.11"]
[Round "4"]
[White "HrvojeZagreb"]
[Black "c_r_e_e_p_e_r"]
[Result "1-0"]
[WhiteElo "2122"]
[BlackElo "2333"]
[TimeControl "180+1"]
[EndTime "10:39:14 PDT"]
[Termination "HrvojeZagreb won by resignation"]

1. d4 d5 2. Bf4 e6 3. e3 Bd6 4.
Bg3 Nf6 5. Nd2 O-O 6. Ngf3 c5 7. c3 Nc6 8. Bd3 b6 9. e4 Be7 10. e5 Nd7 11. a3 Bb7 12. Rc1 Rc8 13. Bb1 a5 14. h4 f5 15. exf6 Nxf6 16. Ng5 Qd7 17. dxc5 Bxc5 18. Qc2 h6 19. Ndf3 hxg5 20. hxg5 Ne4 21.
Qe2 Qf7 22. Bxe4 dxe4 23. Qxe4 Nd4 24. Qh4 Nxf3+ 25. gxf3 Qxf3 26. Qh7+ Kf7 27. g6+ Ke8 28. Rh2 Qe4+ 29. Kf1 Ba6+ 30. Kg1 Rf6 31. Qg8+ Kd7 32.
Rd1+ Bd3 33. Qxg7+ Be7 34. Rh7 Re8 35. Qxf6 Qxg6 36.
Qxg6 Kc6 37. Qxd3 1-0

[Event "*** SCC Grand Prix: Titled Tuesday Blitz"]
[Site "Chess.com"]
[Date "2020.08.11"]
[Round "4"]
[White "VitaliyBernadskiy"]
[Black "Guenplen"]
[Result "0-1"]
[WhiteElo "2743"]
[BlackElo "2894"]
[TimeControl "180+1"]
[EndTime "10:39:15 PDT"]
[Termination "Guenplen won by resignation"]

1. e4 c5 2. Ne2 Nc6 3. Nbc3 Nf6 4.
g3 g6 5. Bg2 Bg7 6. O-O O-O 7.
d3 d6 8. h3 Rb8 9. f4 Ne8 10. a4 Nc7 11. g4 Ne6 12. f5 Ned4 13. Ng3 e6 14. Nce2 exf5 15. exf5 Re8 16. Nf4 Qh4 17.
fxg6 hxg6 18. Ne4 Be6 19. c3 Bb3 20. Qd2 Nc2 21. Rb1 Rbd8 22. Bf3 b6 23. Bd1 d5 24. Nf2 Qg3+ 25. Ng2 Ne3 26. Qxe3 Rxe3 27. Bxb3 Be5 28.
Rd1 Re2 29. Be3 Rxe3 0-1

[Event "*** SCC Grand Prix: Titled Tuesday Blitz"]
[Site "Chess.com"]
[Date "2020.08.11"]
[Round "4"]
[White "MPGM"]
[Black "pirulillo"]
[Result "1-0"]
[WhiteElo "2465"]
[BlackElo "2228"]
[TimeControl "180+1"]
[EndTime "10:39:15 PDT"]
[Termination "MPGM won by checkmate"]

1. d4 Nf6 2. c4 g6 3. g3 Bg7 4. Bg2 O-O 5. Nc3 d6 6. Nf3 Nbd7 7. O-O e5 8. e4 c6 9. dxe5 dxe5 10. Qc2 a5 11. h3 Qe7 12. Rd1 Re8 13. Be3 Bf8 14. a3 Nc5 15. b4 axb4 16. axb4 Rxa1 17. Rxa1 Na6 18. b5 Nc5 19. Nd2 Qc7 20. Nb3 Nxb3 21.
Qxb3 Nd7 22. b6 Qb8 23. Na4 Bg7 24. c5 Nf8 25. Nb2 Ne6 26. Nc4 Nd4 27. Qb2 Be6 28.
Nd6 Rd8 29. Ra7 Rxd6 30. cxd6 Nb5 31. Bc5 f6 32. Bf1 Nxd6 33. Bxd6 Qxd6 34. Rxb7 Qd1 35. Rb8+ Kf7 36. b7 Bc4 37. Rd8 Qxf1+ 38. Kh2 g5 39. b8=Q Be2 40. Rd7+ Kg6 41. Rxg7+ Kxg7 42. Q2b7+ Kh6 43. Qf8+ Kh5 44. Qbf7# 1-0

[Event "*** SCC Grand Prix: Titled Tuesday Blitz"]
[Site "Chess.com"]
[Date "2020.08.11"]
[Round "4"]
[White "djano"]
[Black "FMalexhdez"]
[Result "1-0"]
[WhiteElo "2414"]
[BlackElo "2188"]
[TimeControl "180+1"]
[EndTime "10:39:16 PDT"]
[Termination "djano won by resignation"]

1. d4 Nf6 2. Bf4 d5 3. Nf3 g6 4. e3 Bg7 5. h3 c5 6. c3 Nc6 7. dxc5 Ne4 8. Nbd2 Nxc5 9. Nb3 Nxb3 10. axb3 e5 11. Bh2 Be6 12. Bb5 f6 13. O-O O-O 14.
Qe2 Qb6 15. b4 Ne7 16. Rfd1 Rfd8 17. Ba4 a5 18. bxa5 Rxa5 19. b4 Ra7 20. Bb3 Rxa1 21.
Rxa1 Qc6 22. Qb2 Rc8 23. Rc1 b5 24. Nd2 Nf5 25. e4 Nd6 26. exd5 Bxd5 27. Bg3 f5 28. Nf3 f4 29. Bh4 Nc4 30. Qe2 h6 31.
Be7 Re8 32. Bc5 Kh7 33. Ne1 e4 34. Qg4 Be5 35. Ra1 Qb7 36. Ra7 1-0

[Event "*** SCC Grand Prix: Titled Tuesday Blitz"]
[Site "Chess.com"]
[Date "2020.08.11"]
[Round "4"]
[White "serena-maria"]
[Black "sorito"]
[Result "1/2-1/2"]
[WhiteElo "2285"]
[BlackElo "2470"]
[TimeControl "180+1"]
[EndTime "10:39:17 PDT"]
[Termination "Game drawn by repetition"]

1. Nf3 Nf6 2. g3 b6 3. Bg2 Bb7 4. O-O g6 5. c4 Bg7 6. Nc3 c5 7. Re1 d6 8. e4 Nbd7 9. d4 cxd4 10. Nxd4 Qc8 11. Be3 O-O 12. Rc1 a6 13. f4 e6 14. b3 Rd8 15. Bf2 Qc7 16. g4 Rac8 17.
g5 Ne8 18. Qg4 Nf8 19. f5 Bxd4 20. Bxd4 e5 21. Bf2 Ng7 22. Be3 Qd7 23. Rf1 b5 24. Nd5 Bxd5 25. cxd5 Rxc1 26. Rxc1 Rc8 27. h3 Rxc1+ 28.
Bxc1 b4 29. f6 Nh5 30. Qxd7 Nxd7 31. Bf3 Nf4 32. Bxf4 exf4 33. Be2 a5 34. Kf2 Ne5 35.
Bb5 h6 36. h4 hxg5 37. hxg5 Kf8 38. Ke2 Kg8 39. Kf2 Kf8 40. Ke2 Kg8 41. Kf2 1/2-1/2

[Event "*** SCC Grand Prix: Titled Tuesday Blitz"]
[Site "Chess.com"]
[Date "2020.08.11"]
[Round "4"]
[White "Colchonero64"]
[Black "Twitch_ElhamBlitz05"]
[Result "1-0"]
[WhiteElo "2924"]
[BlackElo "2757"]
[TimeControl "180+1"]
[EndTime "10:39:18 PDT"]
[Termination "Colchonero64 won by resignation"]

1. d4 Nf6 2. Bg5 g6 3. Bxf6 exf6 4. c4 Bg7 5. Nc3 O-O 6. g3 f5 7. Bg2 Re8 8. e3 c5 9. dxc5 Qa5 10. Ne2 Qxc5 11.
O-O Nc6 12. Rc1 d6 13. a3 Be6 14. b4 Qxc4 15. Nd5 Qa2 16. Nec3 Bxc3 17. Rxc3 Bxd5 18. Bxd5 Qb2 19. Qd3 Ne5 20. Qd4 a5 21. bxa5 Rxa5 22. Rc8 Qb5 23. Rxe8+ Qxe8 24. Bxb7 Rxa3 25. Qxd6 Rd3 26.
Qc5 Qe6 27. Ra1 Kg7 28. Ra8 h5 29. Qf8+ Kf6 30. Ra6 Qxa6 31. Bxa6 Rd7 32. Qh8+ Ke6 33. Bc8 1-0

[Event "*** SCC Grand Prix: Titled Tuesday Blitz"]
[Site "Chess.com"]
[Date "2020.08.11"]
[Round "4"]
[White "Mikhail_Golubev"]
[Black "Batsai"]
[Result "1-0"]
[WhiteElo "2594"]
[BlackElo "2329"]
[TimeControl "180+1"]
[EndTime "10:39:19 PDT"]
[Termination "Mikhail_Golubev won by checkmate"]

1. e4 c5 2. Nf3 d6 3. d4 cxd4 4. Nxd4 Nf6 5. Nc3 a6 6. Bc4 Qc7 7. Bb3 Nbd7 8. O-O Nc5 9. Re1 e6 10.
Bg5 Be7 11. f4 h6 12. Bh4 g5 13. fxg5 Nh7 14. Nf5 exf5 15. Bxf7+ Kxf7 16. Qh5+ Kf8 17. Qxh6+ Kg8 18. Nd5 Qd8 19. exf5 Bxg5 20. Bxg5 Nxg5 21. Re8+ Qxe8 22. Qxg5+ Kf8 23. Qf6+ Kg8 24. Ne7+ Kh7 25. Qh4+ Kg7 26. Qg5+ Kf7 27. Re1 Qf8 28. Qg6# 1-0

[Event "*** SCC Grand Prix: Titled Tuesday Blitz"]
[Site "Chess.com"]
[Date "2020.08.11"]
[Round "4"]
[White "DariaVoit"]
[Black "vesalhamedinia"]
[Result "1-0"]
[WhiteElo "2495"]
[BlackElo "2282"]
[TimeControl "180+1"]
[EndTime "10:39:19 PDT"]
[Termination "DariaVoit won on time"]

1. d4 d5 2. Nf3 Nf6 3. c4 e6 4.
g3 Bb4+ 5. Bd2 Be7 6. Bg2 O-O 7. O-O Nbd7 8. Qc2 c6 9. Rd1 b6 10.
Bf4 Bb7 11. Nc3 Nh5 12. Bc1 Nhf6 13. b3 Ba6 14. e4 dxc4 15. Nd2 cxb3 16. axb3 Bb7 17.
Nc4 Qc8 18. Ne5 Nxe5 19. dxe5 Nd7 20. f4 c5 21. Nb5 Bc6 22. Nd6 Qc7 23. Be3 Rfd8 24.
b4 cxb4 25. Rac1 Nb8 26. Bf1 Bxd6 27. exd6 Qb7 28. e5 a5 29. f5 exf5 30. Qxf5 Be4 31. Qf4 Na6 32. Bxa6 Rxa6 33. Rc7 Qxc7 34. dxc7 Rxd1+ 35. Kf2 Bb7 36. Qf3 Rf1+ 37. Kxf1 1-0

[Event "*** SCC Grand Prix: Titled Tuesday Blitz"]
[Site "Chess.com"]
[Date "2020.08.11"]
[Round "4"]
[White "Barmen_EV"]
[Black "Meri-Arabidze"]
[Result "1-0"]
[WhiteElo "2424"]
[BlackElo "2600"]
[TimeControl "180+1"]
[EndTime "10:39:20 PDT"]
[Termination "Barmen_EV won on time"]

1. d4 d5 2. c4 dxc4 3. e4 e5 4. Nf3 exd4 5. Bxc4 Nc6 6. O-O Nf6 7. e5 Nd5 8. Nxd4 Nxd4 9. Qxd4 c6 10. Nc3 Be6 11. Nxd5 Bxd5 12. Bxd5 Qxd5 13. Qxd5 cxd5 14. Rd1 O-O-O 15. Be3 Kb8 16. Rd3 Bb4 17. Rad1 Rc8 18. Rxd5 Rc2 19. a3 Be7 20. Rd7 Re8 21. b4 Ra2 22.
R7d3 Rc8 23. Kf1 h6 24. Rd7 Bg5 25. f4 Bh4 26. g3 Rxh2 27. gxh4 Rxh4 28. Rxf7 Rh1+ 29.
Bg1 g5 30. e6 gxf4 31. e7 Rg8 32.
Rd8+ 1-0